 Dungeon Crawl Stone Soup version 0.19.0-22-gd96e5fe (webtiles) character file.

1245 dobroeutro the Covert (level 8, -6/37 HPs)
             Began as a Spriggan Assassin on Nov 18, 2016.
             Killed by divine providence
             ... invoked by an orc priest
              (12 damage)
             ... on level 4 of the Dungeon.
             The game lasted 00:08:06 (6577 turns).

dobroeutro the Covert (Spriggan Assassin)           Turns: 6577, Time: 00:08:07

Health: -6/37      AC:  4    Str:  7    XL:     8   Next: 25%
Magic:  9/9        EV: 23    Int: 17    God:
Gold:   275        SH:  0    Dex: 23    Spells: 0 memorised, 7 levels left

rFire  . . .     SeeInvis +     a - +2 dagger
rCold  + . .     Gourm    .     c - +0 robe
rNeg   . . .     Faith    .     (shield restricted)
rPois  .         Spirit   .     (helmet restricted)
rElec  .         Reflect  .     d - +1 cloak
rCorr  .         Harm     .     (gloves unavailable)
MR     +....                    (boots unavailable)
Stlth  +++++.....               (no amulet)
                                C - ring of Accord {*Drain rC+ Int+5 SInv}
                                z - +3 ring of dexterity

@: very quick
A: unfitting armour, see invisible, herbivore 3, speed 3, slow metabolism 2
a: no special abilities


You were on level 4 of the Dungeon.
You were near starving.

You visited 1 branch of the dungeon, and saw 5 of its levels.

You collected 275 gold pieces.

Inventory:

Hand Weapons
 a - a +2 dagger (weapon)
 b - a +0 blowgun
 l - a +1 vampiric dagger
Missiles
 e - 35 poisoned needles
 f - 2 curare-tipped needles
Armour
 c - a +0 robe (worn)
 d - a +1 cloak (worn)
Jewellery
 s - an uncursed ring of fire
 z - a +3 ring of dexterity (left hand)
 C - the ring of Accord (right hand) {*Drain rC+ Int+5 SInv}
   (You found it on level 4 of the Dungeon)

   [ring of intelligence]

   It affects your intelligence (+5).
   It protects you from cold.
   It lets you see invisible.
   It causes draining when unequipped.
Wands
 x - a wand of random effects (36/48)
 y - a wand of acid (0/15)
 D - a wand of iceblast (0/15)
Scrolls
 i - 2 scrolls of enchant weapon {unknown}
 m - 5 scrolls of remove curse {unknown}
 n - 4 scrolls of teleportation {unknown}
 o - 2 scrolls of enchant armour
 r - a scroll of amnesia
 v - 2 scrolls of identify
Potions
 h - a potion of beneficial mutation {unknown}
 j - 5 potions of curing {unknown}
 p - a potion of lignification {unknown}
 q - a potion of degeneration {unknown}
 t - a potion of might {unknown}
 u - 4 potions of heal wounds {unknown}
 A - a potion of haste {unknown}
 B - a potion of mutation {unknown}
Comestibles
 g - 6 bread rations
 k - 9 fruits


   Skills:
 - Level 1.5 Fighting
 * Level 7.2 Short Blades
 - Level 2.0 Throwing
 + Level 6.3 Dodging
 * Level 11.3 Stealth


You had 7 spell levels left.
You didn't know any spells.

Dungeon Overview and Level Annotations

Branches:
Dungeon (5/15)
 Temple: D:4-7

Altars:
Cheibriados
Gozag
Kikubaaqudgha
Nemelex Xobeh
Okawaru
Qazlal
Ru
Uskayaw

Annotations:
D:3 dscm's ghost, weakling OpEE


Innate Abilities, Weirdness & Mutations

You are very small and have problems with some larger weapons.
You are too small for most types of armour.
You have supernaturally acute eyesight. (SInv)
You are a herbivore.
You cover ground extremely quickly.
You need consume almost no food.


Message History

The orc priest is moderately wounded.
The orc misses you.
You hit the orc priest but do no damage.
The orc priest is moderately wounded.
The orc wizard completely misses you.
You hit the orc priest.
The orc priest is moderately wounded.
The orc priest hits you with a short sword.
The orc priest completely misses you. The orc misses you.
You hit the orc priest but do no damage.
The orc priest is moderately wounded.
The orc wizard completely misses you.
The orc priest hits you with a short sword!
* * * LOW HITPOINT WARNING * * *
The orc wizard mumbles some strange words.
The orc wizard blinks!
The orc priest completely misses you.
The orc priest mumbles some strange prayers to Beogh against you.
Beogh smites you!
You die...

# ## # ## #.## # .# ######
##..)## #### .#
#....#########o....## #...
.# #.#......@.o.oo.....#
#.#.
.#######....#########o....##
#... .............# ##...##
##.# .########...## #.## #.#
.# ##.## .# #.# .# #.# .#
#.# .# #.# # #>#
##########+## #..
.......##...## ###


You could see 2 orc priests, 2 orc wizards and an orc.

Vanquished Creatures
  Prince Ribbit (D:5)
  The ghost of Frank the Cudgeler, an amateur GrGl (D:4)
  A water moccasin (D:5)
  An ice beast (D:5)
  2 ogres
  A scorpion (D:5)
  3 crimson imps
  2 centaur zombies (D:5)
  A bullfrog zombie (D:5)
  A hound (D:4)
  A jelly (D:5)
  Jessica (D:3)
  2 worker ants
  A worker ant zombie (D:5)
  4 adders
  4 gnolls
  2 oozes (D:1)
  2 adder skeletons
  3 dart slugs
  4 leopard geckos
  10 orcs
  3 ball pythons
  4 giant cockroaches
  11 hobgoblins
  8 jackals
  2 quokkas (D:5)
  5 bats
  8 frilled lizards
  8 goblins
  3 kobolds
  A quokka skeleton (D:4)
  A quokka zombie (D:5)
  8 rats
110 creatures vanquished.

Notes
Turn   | Place    | Note
-------+----------+-------------------------------------------
     0 | D:1      | dobroeutro the Spriggan Assassin began the quest for the Orb.
     0 | D:1      | Reached XP level 1. HP: 10/10 MP: 2/2
    41 | D:1      | Reached skill level 6 in Stealth
    83 | D:1      | Reached XP level 2. HP: 13/14 MP: 3/3
   871 | D:1      | Reached XP level 3. HP: 15/18 MP: 4/4
  1348 | D:2      | Reached skill level 7 in Stealth
  1691 | D:2      | Reached XP level 4. HP: 17/22 MP: 5/5
  1742 | D:2      | Found a hide-covered altar of Uskayaw.
  1799 | D:2      | Found a sparkling altar of Nemelex Xobeh.
  1812 | D:2      | Found a stormy altar of Qazlal.
  1816 | D:2      | Found an iron altar of Okawaru.
  2107 | D:3      | Found an opulent altar of Gozag.
  3025 | D:3      | Found a sacrificial altar of Ru.
  3025 | D:3      | Noticed dscm's ghost (weakling OpEE)
  3341 | D:3      | Noticed Jessica
  3343 | D:3      | Killed Jessica
  3343 | D:3      | Reached XP level 5. HP: 25/25 MP: 6/6
  3882 | D:4      | Reached skill level 8 in Stealth
  4007 | D:4      | Got a crude marble ring
  4015 | D:4      | Identified the ring of Accord {*Drain rC+ Int+5 SInv} (You found it on level 4 of the Dungeon)
  4141 | D:4      | Noticed Frank's ghost (amateur GrGl)
  4145 | D:4      | Reached XP level 6. HP: 30/30 MP: 7/7
  4221 | D:5      | Entered Level 5 of the Dungeon
  4444 | D:5      | Found an ancient bone altar of Kikubaaqudgha.
  4474 | D:5      | Noticed Prince Ribbit
  4549 | D:5      | Found a snail-covered altar of Cheibriados.
  4590 | D:5      | Reached skill level 9 in Stealth
  5095 | D:5      | Noticed a water moccasin
  5158 | D:5      | Killed a water moccasin
  5158 | D:5      | Reached skill level 5 in Short Blades
  5160 | D:5      | Reached XP level 7. HP: 33/33 MP: 8/8
  5334 | D:5      | Reached skill level 5 in Dodging
  5898 | D:5      | Reached skill level 10 in Stealth
  5973 | D:5      | Killed Prince Ribbit
  6130 | D:5      | Reached XP level 8. HP: 32/37 MP: 9/9
  6191 | D:4      | Reached skill level 11 in Stealth
  6215 | D:4      | Killed Frank's ghost
  6577 | D:4      | Killed from afar by an orc priest

Skill      XL: |  1  2  3  4  5  6  7  8 |
---------------+-------------------------+-----
Stealth        | 6 7 8 9 10 11 | 11.3
Dodging        | 2 3 4 5 6 |  6.3
Short Blades   | 3 4 5 6 7 |  7.2
Fighting       | |  1.5
Throwing       | |  2.0

Action                   |  1- 3 |  4- 6 |  7- 9 || total
-------------------------+-------+-------+-------++-------
Melee: Dagger            |   158 |   254 |   202 ||   614
Evoke: Wand              |       |       |     6 ||     6
  Use: Scroll            |       |     5 |       ||     5
       Potion            |       |     1 |       ||     1
 Stab: Sleeping          |     7 |    13 |     3 ||    23
       Distracted        |       |       |     6 ||     6
  Eat: Pizza             |       |     1 |     1 ||     2
       Fruit             |       |       |     4 ||     4
Armor: Robe              |    22 |    13 |    17 ||    52
Dodge: Dodged            |   137 |   180 |   133 ||   450
